 Dungeon Crawl Stone Soup version 0.25.0-9-g26727b657a (webtiles) character file.

Game seed: 9242511561456390190

1049 Fv001 the Protected (level 8, -1/65 HPs)
             Began as a Formicid Monk on June 17, 2020.
             Was a Priest of Ru.
             Slain by a komodo dragon (14 damage)
             ... on level 1 of the Lair of Beasts.
             The game lasted 00:28:37 (10987 turns).

Fv001 the Protected (Formicid Monk)                Turns: 10987, Time: 00:28:37

Health: -1/65      AC: 17    Str: 14    XL:     8   Next: 50%
Magic:  8/8        EV:  6    Int: 11    God:    Ru [***...]
Gold:   350        SH:  0    Dex: 15    Spells: 7/7 levels left

rFire    + . .     SeeInvis +   a - +0 war axe
rCold    + + .     Gourm    .   (no shield)
rNeg     . . .     Faith    .   E - +1 plate armour of Xapn {-Cast rPois rC++}
rPois    +         Spirit   .   (helmet unavailable)
rElec    .         Reflect  .   F - +0 cloak {Stlth+}
rCorr    .         Harm     .   (no gloves)
MR       +....     NoCast   +   i - +0 pair of boots
Stlth    ..........             (no amulet)
HPRegen  0.20/turn              p - ring of protection from magic
MPRegen  0.11/turn              B - ring of protection from fire

@: mighty, exhausted, lightly drained
A: permanent stasis, dig shafts and tunnels, four strong arms, antennae 3, weak
1, inexperienced 1
a: Dig, Shaft Self, Draw Out Power, Renounce Religion


You were on level 1 of the Lair of Beasts.
You worshipped Ru.
Ru was most pleased with you.
You were hungry.

You visited 2 branches of the dungeon, and saw 9 of its levels.

You collected 350 gold pieces.

Inventory:

Hand Weapons
 a - a +0 war axe (weapon)
 b - the +4 flail of Peituih {protect, rElec}
   (You found it on level 7 of the Dungeon)

   It grants its wielder temporary protection when it strikes (+7 to AC).
   It insulates you from electricity.
Missiles
 t - 69 bolts
Armour
 i - a +0 pair of boots (worn)
 o - a +0 chain mail
 E - the +1 plate armour of Xapn (worn) {-Cast rPois rC++}
   (You found it on level 7 of the Dungeon)

   It greatly protects you from cold.
   It protects you from poison.
   It prevents spellcasting.
 F - a +0 cloak of stealth (worn)
Jewellery
 p - a ring of protection from magic (left hand)
 y - an uncursed ring of poison resistance
 z - an uncursed amulet of guardian spirit {unknown}
 B - a ring of protection from fire (right hand)
 H - an uncursed amulet of guardian spirit {unknown}
Wands
 s - a wand of flame (41)
 x - a wand of random effects (26)
 A - a wand of acid (8)
Scrolls
 e - 2 scrolls of enchant weapon {unknown}
 l - a scroll of amnesia {unknown}
 n - 3 scrolls of remove curse
 q - a scroll of random uselessness {unknown}
 r - a scroll of enchant armour {unknown}
 u - a scroll of blinking {unknown}
 w - 2 scrolls of magic mapping {unknown}
 D - a scroll of immolation {unknown}
Potions
 d - a potion of ambrosia {unknown}
 f - 3 potions of curing
 g - 2 potions of brilliance
 h - a potion of heal wounds
 j - 2 potions of stabbing
 k - a potion of might
 m - a potion of mutation {unknown}
 v - 2 potions of flight
 C - 2 potions of cancellation {unknown}
Comestibles
 c - 12 rations


   Skills:
 + Level 6.8(6.4) Fighting
 * Level 8.5(8.1) Axes
 * Level 8.6(8.2) Armour
 + Level 5.6(5.3) Dodging
 - Level 3.0(2.7) Stealth


You had 7 spell levels left.
You didn't know any spells.
Your spell library contained the following spells:

 Spells                   Type           Power        Failure   Level  Hunger
 Animate Skeleton         Necr           N/A          100%        1    ##.....
 Apportation              Tloc           #.....       100%        1    ##.....
 Corona                   Hex            #......      100%        1    ##.....
 Summon Small Mammal      Summ           #...         100%        1    ##.....
 Call Imp                 Summ           #.......     100%        2    ###....
 Call Canine Familiar     Summ           #.......     100%        3    ####...
 Summon Guardian Golem    Hex/Summ       #.......     100%        3    ####...
 Summon Ice Beast         Ice/Summ       #.......     100%        4    #####..
 Summon Lightning Spire   Summ/Air       #.......     100%        4    #####..


Dungeon Overview and Level Annotations

Branches:
Dungeon (8/15)             Temple (0/1) D:7            Lair (1/6) D:8

Altars:
Ashenzari
Cheibriados
Dithmenos
Gozag
Kikubaaqudgha
Makhleb
Okawaru
Qazlal
Ru
Uskayaw
Yredelemnul
Zin
The Shining One

Annotations:
D:5 2 transporters, stripedtigrrr's ghost, novice DsGl


Innate Abilities, Weirdness & Mutations

You cannot be hasted, slowed, berserked, paralysed or teleported.
You can dig through walls and to a lower floor.
Your four strong arms can wield two-handed weapons with a shield.
You have a pair of large antennae on your head. (SInv)
You are weak. (Str -2)
You are somewhat inexperienced. (-2 XL)


Message History

The komodo dragon is stunned by your will and fails to attack.
You slash the komodo dragon!
The komodo dragon is lightly wounded.
The komodo dragon bites you!!
* * * LOW HITPOINT WARNING * * *
You catch the helpless komodo dragon completely off-guard!
You slash the komodo dragon!
The komodo dragon is heavily wounded.
The komodo dragon bites you.
* * * LOW HITPOINT WARNING * * *
A komodo dragon is nearby!
Evoke which item? (* to show all) (? for menu, Esc to quit)
Aiming: Corrosive Bolt
Press: ? - help, Shift-Dir - straight line, f - komodo dragon
Aim: a komodo dragon (heavily wounded, blind)
The bolt of acid hits the komodo dragon!
The komodo dragon is splashed with acid.
The komodo dragon is almost dead.
The komodo dragon bites you!
You die...

.##......# #.. ..#......#
#..# #.......# #..######
#......#
######...#.#)###......#####
...........................
........(..................
...........................
.........l@..........รท.....
........##.#####...........
#.#.....####.#.##..........
...#....##.....##...####..#
...#....#......#......###..
........''.....##...##.....
...#....##.....##...##.....
...#....# ....##....##..##
........# ...##...####.P#


You could see a komodo dragon (blind).

Vanquished Creatures
  Sigmund (D:4)
  Eustachio (D:5)
  Menkaure (D:4)
  Edmund (D:4)
  2 water moccasins
  A sky beast (D:8)
  An ice beast (D:6)
  3 phantoms (D:8)
  3 centaurs
  2 ogres
  4 bullfrogs
  5 scorpions
  2 howler monkeys (D:4)
  4 crimson imps
  A bullfrog zombie (D:6)
  A centaur zombie (D:5)
  2 jellies
  3 orc wizards
  Crazy Yiuf (D:7)
  A centaur skeleton (D:4)
  2 orc priests
  2 hounds
  Ijyb (D:5)
  4 iguanas
  4 worker ants
  2 hound skeletons
  3 gnolls (D:4)
  2 howler monkey skeletons
  14 adders
  2 oozes
  2 adder skeletons
  5 worms
  A dart slug (D:3)
  2 leopard geckos
  16 orcs
  A ball python (D:4)
  5 giant cockroaches
  13 goblins
  7 hobgoblins
  9 jackals
  7 quokkas
  4 bats
  4 frilled lizards
  3 jackal skeletons
  4 kobolds
  9 rats
168 creatures vanquished.

Notes
Turn   | Place    | Note
-------+----------+-------------------------------------------
     0 | D:1      | Fv001 the Formicid Monk began the quest for the Orb.
     0 | D:1      | Reached XP level 1. HP: 18/18 MP: 1/1
   223 | D:1      | Reached XP level 2. HP: 24/24 MP: 2/2
   568 | D:1      | Reached skill level 1 in Armour
   910 | D:2      | Reached XP level 3. HP: 27/29 MP: 3/3
  1954 | D:2      | Reached XP level 4. HP: 31/35 MP: 4/4
  3227 | D:4      | Reached XP level 5. HP: 38/42 MP: 5/5
  3544 | D:3      | Reached XP level 6. HP: 26/48 MP: 6/6
  4016 | D:4      | Noticed Sigmund
  4607 | D:4      | Killed Sigmund
  4607 | D:4      | Reached skill level 5 in Axes
  4607 | D:4      | Reached XP level 7. HP: 55/55 MP: 7/7
  4664 | D:4      | Noticed Edmund
  4703 | D:4      | Killed Edmund
  4842 | D:4      | Reached XP level 8. HP: 32/61 MP: 8/8
  4856 | D:4      | Reached skill level 5 in Armour
  5176 | D:5      | Entered Level 5 of the Dungeon
  5221 | D:5      | Noticed Eustachio
  5225 | D:5      | Noticed Menkaure
  5337 | D:4      | Killed Menkaure
  5337 | D:4      | Reached skill level 5 in Fighting
  5718 | D:5      | Found a transporter.
  5719 | D:5      | Noticed stripedtigrrr's ghost (novice DsGl)
  5882 | D:5      | Found a transporter.
  6199 | D:5      | Killed Eustachio
  6383 | D:5      | Reached XP level 9. HP: 48/68 MP: 9/9
  6637 | D:5      | Found a burning altar of Makhleb.
  6848 | D:5      | Found a glowing silver altar of Zin.
  6849 | D:5      | Found an opulent altar of Gozag.
  6971 | D:5      | Noticed Ijyb
  6986 | D:5      | Killed Ijyb
  7539 | D:6      | Found a sacrificial altar of Ru.
  7539 | D:6      | Found an ancient bone altar of Kikubaaqudgha.
  7593 | D:6      | Became a worshipper of Ru the Awakened
  7598 | D:6      | Gained mutation: You are weak. (Str -2) [Ru sacrifice]
  7789 | D:6      | Found a hide-covered altar of Uskayaw.
  7883 | D:6      | Reached skill level 5 in Dodging
  7960 | D:6      | Found a snail-covered altar of Cheibriados.
  7963 | D:6      | Found an iron altar of Okawaru.
  7977 | D:6      | Found a shattered altar of Ashenzari.
  7989 | D:6      | Found a stormy altar of Qazlal.
  8151 | D:7      | Found a staircase to the Ecumenical Temple.
  8363 | D:7      | Got a smoking flail
  8364 | D:7      | Identified the +4 flail of Peituih {protect, rElec} (You
                  | found it on level 7 of the Dungeon)
  8723 | D:7      | Got a faintly glowing plate armour
  8734 | D:7      | Identified the cursed +1 plate armour of Xapn {-Cast rPois
                  | rC++} (You found it on level 7 of the Dungeon)
  8770 | D:7      | Found a glowing golden altar of the Shining One.
  8779 | D:7      | Found a basalt altar of Yredelemnul.
  9042 | D:7      | Found a runed translucent door.
  9043 | D:7      | Noticed Crazy Yiuf
  9051 | D:7      | Killed Crazy Yiuf
  9743 | D:8      | Found a staircase to the Lair.
  9757 | D:8      | Reached XP level 10. HP: 70/77 MP: 10/10
  9796 | D:8      | Gained mutation: You are somewhat inexperienced. (-2 XL)
                  | [Ru sacrifice]
  9796 | D:8      | Reached XP level 9. HP: 41/71 MP: 9/9
  9796 | D:8      | Reached XP level 8. HP: 41/65 MP: 8/8
  9796 | D:8      | Reached * piety under Ru
  9796 | D:8      | Reached ** piety under Ru
  9796 | D:8      | Reached *** piety under Ru
 10593 | D:8      | Found a shadowy altar of Dithmenos.
 10896 | Lair:1   | Entered Level 1 of the Lair of Beasts
 10969 | Lair:1   | Noticed a komodo dragon
 10987 | Lair:1   | Slain by a komodo dragon

Illustrated notes

Levels and vault maps discovered:
D:1:      psy_arrival_radial01, layout_basic, minmay_box_of_dots
D:2:      layout_rooms
D:3:      layout_basic
D:4:      layout_basic, first_ration, uniq_edmund, uniq_sigmund
D:5:      layout_cave_pods, grunt_temple_overflow_gold_and_silver,
          makhleb_blood_cavern_becter, gammafunk_ghost_mausoleum,
          hangedman_abyss_or_decor_stabs, uniq_menkaure, uniq_eustachio,
          uniq_ijyb
D:6:      layout_loops_ring, kennysheep_little_box,
          grunt_temple_overflow_cloverleaf,
          chequers_temple_overflow_statue_of_worship
D:7:      layout_gridville, grunt_temple_overflow_holy_war, temple_fountains,
          uniq_crazy_yiuf_cottage
D:8:      layout_layer_cave, grunt_dithmenos_shadows, lair_entry_dummy
Lair:1:   layout_regular_city

Skill      XL: |  1  2  3  4  5  6  7  8  9 |
---------------+----------------------------+-----
Armour         | 1 2 3 4 6 8 |  8.6
Stealth        | 3 |  3.0
Dodging        | 3 4 5 |  5.6
Axes           | 4 5 6 8 |  8.5
Fighting       | 4 5 6 |  6.8

Action                   |  1- 3 |  4- 6 |  7- 9 | 10-12 || total
-------------------------+-------+-------+-------+-------++-------
Melee: Hand axe          |   107 |   266 |   353 |       ||   726
       Flail             |       |       |    34 |       ||    34
       War axe           |       |       |   206 |    24 ||   230
Invok: Draw Out Power    |       |       |     1 |       ||     1
       Sacrifice Experie |       |       |     1 |       ||     1
       Sacrifice Purity  |       |       |     1 |       ||     1
 Abil: Dig               |       |     1 |     1 |       ||     2
Evoke: Wand              |       |       |     1 |       ||     1
  Use: Potion            |       |     3 |     2 |       ||     5
       Scroll            |       |       |     8 |       ||     8
 Stab: Distracted        |       |       |     1 |       ||     1
       Invisible         |       |       |     1 |       ||     1
  Eat: Chunk             |     3 |     6 |    20 |       ||    29
       Ration            |       |     1 |       |       ||     1
Armor: Ring mail         |    19 |       |       |       ||    19
       Scale mail        |    22 |     6 |       |       ||    28
       Chain mail        |       |   128 |   225 |       ||   353
       Skin              |       |    11 |    19 |       ||    30
       Plate armour      |       |       |   107 |    13 ||   120
Dodge: Dodged            |    71 |    87 |   226 |     5 ||   389
